 Dungeon Crawl Stone Soup version 0.31.0-11-ge490571c62 (webtiles) character file.

Game seed: 222331760312302202

54 qw the Shooter (level 3, -3/20 HPs)
             Began as a Deep Elf Hunter on Feb 4, 2024.
             Slain by Terence
             ... wielding a +0 morningstar
              (7 damage)
             ... on level 2 of the Dungeon.
             The game lasted 00:00:18 (1074 turns).

qw the Shooter (Deep Elf Hunter)                    Turns: 1074, Time: 00:00:19

Health: -3/20      AC:  6    Str: 10    XL:     3   Next: 66%
Magic:  5/5        EV: 12    Int: 13    God:
Gold:   62         SH:  0    Dex: 18    Spells: 2/2 levels left

rFire   . . .        a - +0 shortbow
rCold   . . .        (shield currently unavailable)
rNeg    . . .        c - +0 leather armour
rPois   .            (no helmet)
rElec   .            h - +0 cloak
rCorr   .            f - +1 pair of gloves
SInv    .            (no boots)
Will    .....        (no amulet)
Stlth   ++           (no ring)
HPRegen 0.23/turn    (no ring)
MPRegen 0.09/turn

%: no passive effects
@: no status effects
A: no striking features
a: no special abilities


You were on level 2 of the Dungeon.
You visited 1 branch of the dungeon, and saw 2 of its levels.

You collected 86 gold pieces.
You spent 24 gold pieces at shops.


   Skills:
 - Level 1.5 Fighting
 + Level 7.2 Ranged Weapons
 - Level 2.4 Dodging
 - Level 1.2 Stealth


You had 2 spell levels left.
You didn't know any spells.
Your spell library was empty.

Inventory:

Hand Weapons
 a - a +0 shortbow (weapon)
Armour
 c - a +0 leather armour (worn)
 f - a +1 pair of gloves (worn)
 g - a +0 ring mail
 h - a +0 cloak (worn)
Jewellery
 e - a ring of protection from cold
Scrolls
 b - a scroll of enchant weapon {unknown}
 i - a scroll of fog {unknown}
 j - a scroll of identify
Potions
 d - a potion of might

Dungeon Overview and Level Annotations

Branches:
Dungeon (2/15)

Altars:

Shops:
D:2 *

Annotations:
D:2 Terence


Message History

Terence hits you with a +0 morningstar.
You shoot an arrow. The arrow closely misses Terence.
Terence barely misses you.
You shoot an arrow.
The arrow hits the adder but does no damage.
The adder is severely wounded.
The adder completely misses you. Terence closely misses you.
You shoot an arrow. The arrow hits the adder!
You kill the adder!
Terence misses you.
You shoot an arrow. The arrow hits Terence.
Terence is moderately wounded.
Terence barely misses you.
You shoot an arrow.
The arrow hits Terence but does no damage.
Terence is moderately wounded.
Terence hits you but does no damage.
You shoot an arrow. The arrow hits Terence!
Terence is almost dead.
Terence barely misses you.
You shoot an arrow.
The arrow hits Terence but does no damage.
Terence is almost dead.
Terence misses you.
You shoot an arrow.
The arrow hits Terence but does no damage.
Terence is almost dead.
Terence hits you with a +0 morningstar!
Ouch! That really hurt!
You shoot an arrow. The arrow closely misses Terence.
Terence completely misses you.
You shoot an arrow.
The arrow hits Terence but does no damage.
Terence is almost dead.
Terence hits you with a +0 morningstar. x2
You shoot an arrow. The arrow hits Terence.
Terence is almost dead.
Terence hits you with a +0 morningstar!
You die...
Terence says, "Time to find some more victims."

####### .......
########## ..# #..
#.### #.# ##
#...###.##### .#
###.........# .###
##........#####@.)##..
#............@%......
#........#######.#..#
##..######## #...###
....... #... ######
.... # ...# # ..#
#######..###


You could see Terence.

Vanquished Creatures
  2 adders (D:2)
  4 ball pythons
  An endoplasm (D:2)
  A giant cockroach (D:1)
  3 goblins
  5 hobgoblins
  2 jackals (D:1)
  4 kobolds
  4 quokkas
  3 bats (D:1)
  2 frilled lizards
  2 rats
33 creatures vanquished.

Notes
Turn   | Place    | Note
-------+----------+-------------------------------------------
     0 | D:1      | qw the Deep Elf Hunter began the quest for the Orb.
     0 | D:1      | Reached XP level 1. HP: 12/12 MP: 3/3
     0 | D:1      | 0 ||| qw: Version: 0.3-a-160-g6735b56
     0 | D:1      | 0 ||| qw: Game counter: 5849
     0 | D:1      | 0 ||| qw: Melee chars always use a shield: true
     0 | D:1      | 0 ||| qw: God list: Okawaru
     0 | D:1      | 0 ||| qw: Allow faded altars: false
     0 | D:1      | 0 ||| qw: Do Orc after clearing Dungeon:15 true
     0 | D:1      | 0 ||| qw: Do second Lair branch before Depths: true
     0 | D:1      | 0 ||| qw: Lair rune preference: random
     0 | D:1      | 0 ||| qw: Goals: Normal
     0 | D:1      | 0 ||| PLANNING D:1-11
   127 | D:1      | Reached skill level 6 in Ranged Weapons
   127 | D:1      | Reached XP level 2. HP: 16/16 MP: 4/4
   832 | D:1      | 832 ||| UPGRADING to +0 pair of gloves.
   837 | D:1      | 837 ||| UPGRADING to +0 cloak.
   842 | D:1      | 842 ||| READING scroll labelled QUSTRO JATOCEU.
   842 | D:1      | 842 ||| IDENTIFYING brown potion
   843 | D:1      | 843 ||| READING scroll labelled QEMASU PONAME.
   843 | D:1      | 843 ||| ENCHANTING +0 pair of gloves.
   844 | D:1      | 844 ||| READING scroll labelled WIQYEH EZETASU.
   848 | D:1      | 848 ||| READING scroll labelled ONGO NAUKHLISEY.
   849 | D:1      | 849 ||| DRINKING 2 dark potions.
   850 | D:1      | 850 ||| DROPPING scroll of butterflies.
   851 | D:1      | 851 ||| DROPPING potion of degeneration.
   881 | D:2      | Reached XP level 3. HP: 20/20 MP: 5/5
   954 | D:2      | Found Halyawn's General Store.
  1007 | D:2      | 1007 ||| SHOPLISTING +0 helmet of see invisible (138 gold,
                  | have 77).
  1007 | D:2      | 1007 ||| SHOPLISTING +2 pair of slick slippers {slick,
                  | slippery, EV+4} (324 gold, have 77).
  1007 | D:2      | 1007 ||| BUYING scroll of identify (24 gold).
  1007 | D:2      | Bought a scroll of identify for 24 gold pieces
  1015 | D:2      | Reached skill level 7 in Ranged Weapons
  1061 | D:2      | Noticed Terence
  1073 | D:2      | HP: 3/20 [Terence/+0 morningstar (3)]
  1074 | D:2      | Slain by Terence

Levels and vault maps discovered:
D:1:      ebering_trefoil_twist, layout_basic
D:2:      layout_rooms, serial_shops, nicolae_shop_waterfront, uniq_terence

Skill      XL: |  1  2  3 |
---------------+----------+-----
Ranged Weapons | 6 7 |  7.2
Fighting       | |  1.5
Dodging        | |  2.4
Stealth        | |  1.2

Action                     || total
---------------------------++-------
   Fire: Shortbow          ||    88
    Use: Scroll            ||     4
         Potion            ||     1
 Armour: Leather armour    ||     9
  Dodge: Dodged            ||    13

Table legend:
 A = Non-vault XP
 B = Vault XP
 C = Vault XP percentage of total XP
 D = Non-vault monster count
 E = Vault monster count
 F = Vault count percentage of total count
                 A         B        C        D         E       F
            +---------+---------+-------+---------+---------+-------
      Total |      78 |       0 |   0.0 |      33 |       0 |   0.0
            +---------+---------+-------+---------+---------+-------
        D:1 |      39 |       0 |   0.0 |      23 |       0 |   0.0
        D:2 |      39 |       0 |   0.0 |      10 |       0 |   0.0
            +---------+---------+-------+---------+---------+-------
